 Dungeon Crawl Stone Soup version 0.29.1-2-gbd0b4ee654 (webtiles) character file.

Game seed: 14330835627057096409

43 MisterFreud the Twirler (level 3, -1/27 HPs)
             Began as a Formicid Gladiator on Nov 1, 2022.
             Slain by Grinder (7 damage)
             ... on level 3 of the Dungeon.
             The game lasted 00:01:57 (2072 turns).

MisterFreud the Twirler (Formicid Gladiator)        Turns: 2072, Time: 00:01:57

Health: -1/27      AC:  6    Str: 20    XL:     3   Next: 82%
Magic:  3/3        EV: 11    Int:  7    God:
Gold:   168        SH:  0    Dex: 15    Spells: 2/2 levels left

rFire   . . .      SeeInvis +   w - +2 quarterstaff (speed)
rCold   . . .      Faith    .   (no shield)
rNeg    . . .      Spirit   .   n - +0 ring mail
rPois   +          Reflect  .   (helmet unavailable)
rElec   .          Harm     .   (no cloak)
rCorr   +          Rampage  .   l - +0 pair of gloves
Will    .....                   (no boots)
Stlth   +.........              (no amulet)
HPRegen 0.09/turn               f - ring of poison resistance
MPRegen 0.08/turn               p - ring of resist corrosion

@: no status effects
A: permanent stasis, dig shafts and tunnels, antennae 3, four strong arms
a: Dig, Shaft Self


You were on level 3 of the Dungeon.
You visited 1 branch of the dungeon, and saw 3 of its levels.

You collected 168 gold pieces.

Inventory:

Hand Weapons
 a - a +0 quarterstaff
 w - a +2 quarterstaff of speed (weapon)
Missiles
 c - 3 throwing nets
 d - a javelin
 q - 4 poisoned darts
 u - 4 boomerangs (quivered)
Armour
 b - a +0 leather armour
 l - a +0 pair of gloves (worn)
 n - a +0 ring mail (worn)
Jewellery
 f - a ring of poison resistance (left hand)
 o - a ring of flight
 p - a ring of resist corrosion (right hand)
Scrolls
 e - a scroll of torment {unknown}
 k - a scroll of magic mapping {unknown}
 m - 2 scrolls of amnesia {unknown}
 r - a scroll of blinking {unknown}
 s - 2 scrolls of identify {unknown}
 v - a scroll of poison {unknown}
Potions
 g - 2 potions of might {unknown}
 h - 2 potions of resistance {unknown}
 i - a potion of degeneration {unknown}
 j - 3 potions of heal wounds {unknown}
 t - a potion of lignification {unknown}


   Skills:
 - Level 2.1 Fighting
 + Level 4.5 Staves
 - Level 2.0 Throwing
 - Level 2.6 Dodging


You had 2 spell levels left.
You didn't know any spells.
Your spell library was empty.

Dungeon Overview and Level Annotations

Branches:
Dungeon (3/15)

Altars:

Annotations:
D:2 1 runed translucent door, Crazy Yiuf
D:3 Grinder, Sigmund


Innate Abilities, Weirdness & Mutations

You cannot be hasted, slowed, berserked, paralysed or teleported.
You can dig through walls and to a lower floor.
You have a pair of large antennae on your head. (SInv)
Your four strong arms can wield two-handed weapons with a shield.


Message History

Aim: Grinder (57% to hit)
You throw a boomerang. The boomerang hits Grinder.
Grinder is lightly wounded.
Grinder blinks!
Throw: 4 boomerangs
Press: ? - help, Q - select action, (/) - cycle Shift-Dir - straight line, f - you Really target yourself?
Okay, then.
Throw: 4 boomerangs
Press: ? - help, Q - select action, (/) - cycle Shift-Dir - straight line, f - Grinder
Aim: Grinder (lightly wounded, 57% to hit)
You throw a boomerang. The boomerang barely misses Grinder.
Unknown command.
Unknown command.
Throw: 4 boomerangs
Press: ? - help, Q - select action, (/) - cycle Shift-Dir - straight line, f/p - Grinder
Aim: Grinder (lightly wounded, 57% to hit)
You throw a boomerang. The boomerang hits Grinder.
Grinder is lightly wounded.
Grinder gestures at you. Pain shoots through your body!
Unknown command.
Unknown command.
Throw: 4 boomerangs
Press: ? - help, Q - select action, (/) - cycle Shift-Dir - straight line, f/p - Grinder
Aim: Grinder (lightly wounded, 57% to hit)
You throw a boomerang. The boomerang barely misses Grinder.
Unknown command.
Unknown command.
Grinder gestures at you. Pain shoots through your body!
* * * LOW HITPOINT WARNING * * *
Grinder gestures at you.
Your stasis prevents you from being paralysed.
Grinder says, "At least Makhleb appreciates what I'm doing."
Grinder blinks!
Are you sure you want to shaft yourself?
You begin to dig a shaft.
You continue digging a shaft.
Grinder hits you!
You die...

#......# #..._..#
##.....# #.....#
# #.#..## .#
#...## ..# #.###
.§.. #.# ....#
#@#########......
#.5....§.........
##########.#####.
.# .# .# .# .. ##


You could see Grinder.

Vanquished Creatures
  An adder (D:3)
  A worm (D:2)
  3 endoplasms (D:1)
  A giant cockroach (D:2)
  3 goblins
  2 hobgoblins
  A quokka (D:1)
  3 ball pythons (D:1)
  2 bats
  2 frilled lizards (D:2)
  4 kobolds (D:1)
  9 rats
32 creatures vanquished.

Vanquished Creatures (others)
  2 plants (D:1)
2 creatures vanquished.

Grand Total: 34 creatures vanquished

Notes
Turn   | Place    | Note
-------+----------+-------------------------------------------
     0 | D:1      | MisterFreud the Formicid Gladiator began the quest for the
                  | Orb.
     0 | D:1      | Reached XP level 1. HP: 16/16 MP: 1/1
   172 | D:1      | Reached XP level 2. HP: 21/22 MP: 2/2
   691 | D:1      | Reached skill level 4 in Staves
   691 | D:1      | Reached XP level 3. HP: 27/27 MP: 3/3
  1582 | D:2      | Found a runed translucent door.
  1583 | D:2      | Noticed Crazy Yiuf
  1862 | D:3      | Noticed Sigmund
  2031 | D:3      | Found a faded altar of an unknown god.
  2058 | D:3      | Noticed Grinder
  2072 | D:3      | Slain by Grinder

Illustrated notes

Levels and vault maps discovered:
D:1:      elethiomel_arrival_diamonds, layout_rooms, serial_forest,
          infiniplex_forest_lined_corner, infiniplex_forest_end_1,
          infiniplex_forest_lined_room_3, infiniplex_forest_clump_curved,
          infiniplex_forest_lined_3, infiniplex_forest_lined_2,
          infiniplex_forest_clump_tiny, hangedman_decor_growths
D:2:      layout_basic, uniq_crazy_yiuf_cottage
D:3:      minmay_recursive_quarters, layout_loops_ring,
          ebering_ecumenical_altar_sacrificial, uniq_grinder, uniq_sigmund

Skill      XL: |  1  2 |
---------------+-------+-----
Staves         | 4 |  4.5
Fighting       | |  2.1
Throwing       | |  2.0
Dodging        | |  2.6

Action                   || total
-------------------------++-------
Melee: Quarterstaff      ||    74
       Punch             ||     2
Throw: Boomerang         ||     4
 Abil: Shaft Self        ||     1
Armor: Leather armour    ||     6
       Ring mail         ||    12
Dodge: Dodged            ||    45
